 Dungeon Crawl Stone Soup version 0.31-a0-654-gbe3e110b4e (webtiles) character file.

Game seed: 15258298420897984042

226 rvierbuc the Digger (level 5, -1/38 HPs)
             Began as a Draconian Earth Elementalist on Aug 29, 2023.
             Slain by Terence
             ... wielding a +0 mace
              (7 damage)
             ... on level 3 of the Dungeon.
             The game lasted 00:08:27 (2382 turns).

rvierbuc the Digger (Draconian Earth Elementalist)  Turns: 2382, Time: 00:08:28

Health: -1/38      AC:  6    Str: 10    XL:     5   Next: 69%
Magic:  9/9        EV: 12    Int: 18    God:
Gold:   191        SH:  5    Dex: 11    Spells: 9/10 levels left

rFire   . . .        f - +2 short sword (elec)
rCold   . . .        j - +2 buckler
rNeg    . . .        (body armour unavailable)
rPois   .            (helmet restricted)
rElec   .            (no cloak)
rCorr   .            h - +0 pair of gloves
SInv    .            (no boots)
Will    .....        (no amulet)
Stlth   ++           (no ring)
HPRegen 0.26/turn    (no ring)
MPRegen 0.11/turn

%: no passive effects
@: no status effects
A: AC +5, unfitting armour, cold-blooded
a: no special abilities


You were on level 3 of the Dungeon.
You visited 1 branch of the dungeon, and saw 3 of its levels.

You collected 191 gold pieces.

Inventory:

Hand Weapons
 f - a +2 short sword of electrocution (weapon)
Armour
 h - a +0 pair of gloves (worn)
 j - a +2 buckler (worn)
Scrolls
 g - a scroll of brand weapon {unknown}
 i - 6 scrolls of identify {unknown}
 k - 2 scrolls of blinking {unknown}
 l - a scroll of summoning {unknown}
Potions
 a - 3 potions of magic
 b - a potion of lignification {unknown}
 d - a potion of haste {unknown}
 e - a potion of mutation {unknown}
 m - a potion of enlightenment {unknown}
 n - a potion of curing {unknown}


   Skills:
 + Level 2.9 Dodging
 + Level 3.0 Stealth
 + Level 3.0 Spellcasting
 + Level 2.6 Transmutations
 + Level 3.9 Earth Magic


You had 9 spell levels left.
You knew the following spells:

 Your Spells              Type           Power      Damage    Failure   Level
a - Sandblast             Erth           32%        2d9       4%          1

Your spell library contained the following spells:

 Spells                   Type           Power      Damage    Failure   Level
 Passwall                 Tmut/Erth      11%        N/A       10%         2
 Stone Arrow              Conj/Erth      18%        3d8       32%         3
 Petrify                  Tmut/Erth      14%        N/A       54%         4
 Dazzling Flash           Conj/Hex       4%         N/A       58%         3
 Agony                    Necr           2%         N/A       100%        5
 Silence                  Hex/Air        1%         N/A       100%        5


Dungeon Overview and Level Annotations

Branches:
Dungeon (3/15)

Altars:

Shops:
D:3 =

Annotations:
D:3 1 runed translucent door, Ishowmeat's ghost, amateur MiGl; Terence


Innate Abilities, Weirdness & Mutations

Your plain brown scales are hard. (AC +5)
You cannot fit into any form of body armour.
You are cold-blooded and may be slowed by cold attacks.


Message History

The orc wizard mumbles some strange words.
The orc wizard flickers and vanishes!
Deactivating autopickup; reactivate with Ctrl-A.
You miss something.
Your tail-slap misses something.
Something hits you.
You miss something.
You hear some strange, mumbled words.
A magic dart appears from out of thin air!
The magic dart hits you!
You barely miss something.
Your tail-slap misses something.
You hear some strange, mumbled words.
A magic dart appears from out of thin air!
The magic dart hits you.
* * * LOW HITPOINT WARNING * * *
Unknown command.
You closely miss something.
Your tail-slap misses something.
Something hits you.
* * * LOW HITPOINT WARNING * * *
You closely miss something. Something hits you but does no damage.
Unknown command.
You hit something.
Your tail-slap misses something.
Something hits you.
* * * LOW HITPOINT WARNING * * *
Aiming: Sandblast (safe; 4% risk of failure)
Press: ? - help, Q - select action Shift-Dir - straight line, f/p - Terence
Aim: Terence, wielding a +0 mace and wearing a +3 ring mail of cold resistance (84% to hit)
The blast of sand hits something.
Reactivating autopickup.
You feel a bit more experienced. Terence barely misses you.
Your Stealth skill increases to level 3!
Your Spellcasting skill increases to level 3!
Aiming: Sandblast (safe; 4% risk of failure)
Press: ? - help, Q - select action Shift-Dir - straight line, f/p - Terence
Aim: Terence, wielding a +0 mace and wearing a +3 ring mail of cold resistance (84% to hit)
The blast of sand hits Terence but does no damage.
You block Terence's attack.
Casting: Sandblast (safe; 4% risk of failure)
Confirm with . or Enter, or press ? or * to list all spells.
Okay, then.
Magic courses through your body. Terence hits you with a +0 mace!
You die...

###.. r.....#
..#.# ......#
#.#.# ......#
#.#.# ......#
#[#.# ......#
##.#.####....#
##..#..†))....+
#...@#####....#
#...@### ....#
#......# #####
#......#
.....#...#
#######...#
..........#
########....# ..#
####....########
## #.#
#....#####.....##


You could see Terence.

Vanquished Creatures
  2 orc priests (D:3)
  2 orc wizards (D:3)
  5 adders
  A dart slug (D:1)
  5 orcs (D:3)
  7 bats
  An endoplasm (D:3)
  A giant cockroach (D:1)
  9 hobgoblins
  6 jackals
  5 kobolds
  4 quokkas
  2 ball pythons
  3 frilled lizards
  9 goblins
  3 rats
65 creatures vanquished.

Notes
Turn   | Place    | Note
-------+----------+-------------------------------------------
     0 | D:1      | rvierbuc the Draconian Earth Elementalist began the quest
                  | for the Orb.
     0 | D:1      | Reached XP level 1. HP: 14/14 MP: 3/3
   323 | D:1      | Reached XP level 2. HP: 16/20 MP: 5/5
   847 | D:2      | Found a faded altar of an unknown god.
  1129 | D:2      | Reached XP level 3. HP: 26/26 MP: 4/6
  1896 | D:3      | Reached XP level 4. HP: 31/33 MP: 2/7
  1913 | D:3      | HP: 1/33 [frozen (5)]
  2115 | D:3      | Found Giympofiom's Jewellery Boutique.
  2133 | D:3      | Found a runed translucent door.
  2274 | D:3      | Noticed Ishowmeat's ghost (amateur MiGl)
  2312 | D:3      | Noticed Terence
  2321 | D:3      | Reached XP level 5. HP: 29/38 MP: 2/9
  2382 | D:3      | Slain by Terence

Illustrated notes

Levels and vault maps discovered:
D:1:      lightli_arrival_windingriver, layout_basic, nrook_campfire
D:2:      layout_loops_corners, chequers_ecumenical_altar_island
D:3:      cheibrodos_greedy_goblins, layout_basic, lightli_temple_of_fire,
          ebering_ghost_reflecting_pool, serial_shops, nicolae_shop_waterfront,
          shop, shop, shop, shop, uniq_terence

Skill      XL: |  1  2  3  4  5 |
---------------+----------------+-----
Stealth        | 2 3 |  3.0
Dodging        | 2 |  2.9
Transmutations | 2 |  2.6
Spellcasting   | 3 |  3.0
Earth Magic    | |  3.9

Action                     |  1- 3 |  4- 6 || total
---------------------------+-------+-------++-------
  Melee: Unarmed           |    11 |       ||    11
         Tailslap          |     1 |     4 ||     5
         Short sword       |     1 |    46 ||    47
   Cast: Sandblast         |    56 |    35 ||    91
    Use: Potion            |       |     4 ||     4
 Armour: Skin              |    10 |    39 ||    49
  Dodge: Dodged            |    34 |    55 ||    89
  Block: Buckler           |     2 |    33 ||    35

Table legend: (Time is in decaauts)
 A = Elapsed time spent in this place.
 B = Non-inter-level travel time spent in this place.
 C = Inter-level travel time spent in this place.
 D = Time resting spent in this place.
 E = Time spent auto-exploring this place.
 F = Levels seen in this place.
 G = Mean time per level.
                   A        B        C        D        E       F      G
               +--------+--------+--------+--------+--------+-----+--------+
         Total |   2437 |   2377 |     60 |     20 |   1908 |   3 |  812.3 |
       Dungeon |   2437 |   2377 |     60 |     20 |   1908 |   3 |  812.3 |
               +--------+--------+--------+--------+--------+-----+--------+

Top non-repeatable levels by time:
     D:2: 1056 daAuts
     D:1: 862 daAuts
     D:3: 518 daAuts
